 Dungeon Crawl Stone Soup version 0.21-a0-516-gaaff437 (webtiles) character file.

94 theanonym the Chopper (level 4, 0/35 HPs)
             Began as a Demonspawn Fighter on Dec 3, 2017.
             Slain by an adder (1 damage)
             ... on level 2 of the Dungeon.
             The game lasted 00:01:50 (1256 turns).

theanonym the Chopper (Demonspawn Fighter)          Turns: 1256, Time: 00:01:51

Health: 0/35       AC:  6    Str: 18    XL:     4   Next: 38%
Magic:  4/4        EV:  7    Int:  9    God:
Gold:   81         SH:  8    Dex: 12    Spells: 3/3 levels left

rFire    . . .     SeeInvis .   a - +0 war axe
rCold    . . .     Gourm    .   c - +0 shield
rNeg     . . .     Faith    .   b - +0 scale mail
rPois    .         Spirit   .   (no helmet)
rElec    .         Reflect  .   (no cloak)
rCorr    .         Harm     .   (no gloves)
MR       .....                  (no boots)
Stlth    +.........             (no amulet)
HPRegen  0.11/turn              (no ring)
MPRegen  0.09/turn              (no ring)

@: lethally poisoned (0 -> -1)
A: nightstalker 1, rot immunity
a: no special abilities


Innate Abilities, Weirdness & Mutations

You are slightly more attuned to the shadows.
You are immune to rotting.


   Skills:
 - Level 3.0 Fighting
 + Level 4.3 Axes
 - Level 2.6 Armour
 - Level 2.6 Shields


You had 3 spell levels left.
You didn't know any spells.

Skill      XL: |  1  2  3 |
---------------+----------+-----
Axes           | 2 3 4 |  4.3
Fighting       | |  3.0
Armour         | |  2.6
Shields        | |  2.6

Action                   |  1- 3 |  4- 6 || total
-------------------------+-------+-------++-------
Melee: War axe           |   146 |    19 ||   165
  Eat: Chunk             |     1 |       ||     1
Armor: Scale mail        |    70 |    13 ||    83
Dodge: Dodged            |    57 |    12 ||    69
Block: Shield            |    75 |    14 ||    89

Inventory:

Hand Weapons
 a - a +0 war axe (weapon)
Armour
 b - a +0 scale mail (worn)
 c - a +0 shield (worn)
Scrolls
 h - a scroll of magic mapping {unknown}
 j - a scroll of identify {unknown}
 k - a scroll of fear {unknown}
 l - a scroll of blinking {unknown}
Potions
 d - 2 potions of might
 f - a potion of lignification {unknown}
 g - a potion of heal wounds {unknown}
 i - a potion of berserk rage {unknown}
 m - a potion of brilliance {unknown}
 n - 2 potions of agility {unknown}
Comestibles
 e - 3 bread rations

Dungeon Overview and Level Annotations

Branches:
Dungeon (2/15)

Altars:


You were on level 2 of the Dungeon.
You were hungry.

You visited 1 branch of the dungeon, and saw 2 of its levels.

You collected 81 gold pieces.


Message History

You hit the gnoll. You block the gnoll's attack.
The gnoll throws a stone.
You block the stone.
The gnoll hits you from afar with a spear.
The gnoll hits you but does no damage.
The gnoll throws a stone.
The stone hits you but does no damage.
You take 2 damage, and have 21/29 hp.
You slash the gnoll!
You kill the gnoll!
Your Axes skill increases to level 4!
You have reached level 4!
You feel stronger.
Your demonic ancestry asserts itself...
You feel immune to rotting.
The gnoll hits you from afar with a spear.
The gnoll throws a stone.
You block the stone.
You regained 2 hp, and now have 23/35 hp.
MP restored: 4 The gnoll hits you but does no damage.
The gnoll throws a stone.
The stone hits you but does no damage.
You see here a stone.
You hit the gnoll. The gnoll hits you with a spear.
The gnoll throws a stone.
The stone hits you but does no damage.
You take 1 damage, and have 22/35 hp.
You hit the gnoll but do no damage. You block the gnoll's attack.
The gnoll throws a stone.
The stone closely misses you. The gnoll hits you with a spear.
You take 2 damage, and have 20/35 hp.
You hit the gnoll but do no damage. You closely miss the gnoll.
The gnoll completely misses you. The gnoll hits you but does no damage.
You hit the gnoll. x2; The gnoll hits you with a spear.
* * * LOW HITPOINT WARNING * * *
The gnoll completely misses you. You block the gnoll's attack.
You take 4 damage, and have 16/35 hp.
You are too injured to fight recklessly!
You are too injured to fight recklessly!
You are too injured to fight recklessly!
You are too injured to fight recklessly!
You are too injured to fight recklessly!
You are too injured to fight recklessly!
You slash the gnoll!
You kill the gnoll!
You barely miss the gnoll. The gnoll closely misses you.
The gnoll completely misses you.
You hit the gnoll. You block the gnoll's attack.
You hit the gnoll. The gnoll hits you.
* * * LOW HITPOINT WARNING * * *
You take 4 damage, and have 13/35 hp.
You hit the gnoll. You block the gnoll's attack. The gnoll hits you!
* * * LOW HITPOINT WARNING * * *
You take 7 damage, and have 6/35 hp.
You closely miss the gnoll. The gnoll misses you.
You slash the gnoll!
You kill the gnoll!
You start resting.
An adder comes into view.
The adder hisses angrily.
There is an escape hatch in the ceiling here.
You aren't carrying any items that you can evoke.
Unknown command.
The adder barely misses you. The adder completely misses you.
The adder bites you but does no damage. You block the adder's attack.
There is an escape hatch in the ceiling here.
You block the adder's attack. You block the adder's attack.
The adder bites you but does no damage. The adder bites you but does no damage.
You block the adder's attack. The adder barely misses you.
The adder bites you but does no damage. You block the adder's attack.
You are feeling hungry.
You block the adder's attack. The adder bites you but does no damage.
You miss the adder. The adder bites you.
* * * LOW HITPOINT WARNING * * *
You are poisoned.
The adder poisons you!
You take 4 damage, and have 9/35 hp.
You closely miss the adder.
You feel sick. The adder bites you.
* * * LOW HITPOINT WARNING * * *
The adder bites you but does no damage.
You closely miss the adder. You block the adder's attack. The adder bites you.
* * * LOW HITPOINT WARNING * * *
You closely miss the adder.
You feel sick. You block the adder's attack. x2
You take 5 damage, and have 4/35 hp.
You hit the adder. The adder bites you.
* * * LOW HITPOINT WARNING * * *
The adder barely misses you.
You take 2 damage, and have 2/35 hp.
You miss the adder. The adder bites you but does no damage.
You miss the adder.
* * * LOW HITPOINT WARNING * * *
You feel sick. The adder bites you but does no damage.
The adder barely misses you.
You hit the adder but do no damage. The adder bites you but does no damage.
The adder closely misses you.
You closely miss the adder.
* * * LOW HITPOINT WARNING * * *
You feel sick. The adder bites you but does no damage. The adder bites you.
You die...

####.######
#.........# ###
#.##.####.# .. ..#
#.##.## #.# #.# #.#
#.##..# #.# #.###.#
#.###.# #.# ....#.#
#.# #.# #.# ....#.#
#.###<###S# ....#.#
#.......@.#
......#######.#####
#.#...........#
#.############# #.#
#.# #.# #.# #####
### #.# #... ..#


You could see an adder.

Notes
Turn   | Place    | Note
-------+----------+-------------------------------------------
     0 | D:1      | theanonym the Demonspawn Fighter began the quest for the Orb.
     0 | D:1      | Reached XP level 1. HP: 18/18 MP: 1/1
    48 | D:1      | Reached skill level 2 in Axes
   126 | D:1      | Gained mutation: You are slightly more attuned to the shadows. [demonic ancestry]
   126 | D:1      | Reached XP level 2. HP: 21/24 MP: 2/2
   276 | D:1      | Reached skill level 3 in Axes
   340 | D:1      | Reached XP level 3. HP: 27/29 MP: 3/3
  1179 | D:2      | Reached skill level 4 in Axes
  1179 | D:2      | Gained mutation: You are immune to rotting. [demonic ancestry]
  1179 | D:2      | Reached XP level 4. HP: 25/35 MP: 4/4
  1184 | D:2      | HP: 16/35 [gnoll/spear (4)]
  1188 | D:2      | HP: 6/35 [gnoll (7)]
  1248 | D:2      | HP: 9/35 [adder (4)]
  1251 | D:2      | HP: 4/35 [poisoned by an adder]
  1256 | D:2      | HP: 1/35 [poisoned by an adder]
  1256 | D:2      | Slain by an adder

Vanquished Creatures
  3 gnolls (D:2)
  An adder (D:2)
  A leopard gecko (D:2)
  7 bats
  3 giant cockroaches (D:1)
  9 goblins
  8 hobgoblins
  5 jackals
  4 kobolds (D:1)
  3 frilled lizards
  5 rats
49 creatures vanquished.
